 Dungeon Crawl Stone Soup version 0.29.1-15-g9cfb28693d (webtiles) character file.

Game seed: 13272633087463496515

10211 Renzlar the Blocker (level 11, -4/89 HPs)
             Began as a Gnoll Fighter on Mar 5, 2023.
             Was a High Priest of Okawaru.
             Slain by a sixfirhy (10 damage)
             ... on level 10 of the Dungeon.
             The game lasted 00:42:24 (9108 turns).

Renzlar the Blocker (Gnoll Fighter)                 Turns: 9108, Time: 00:42:24

Health: -4/89      AC: 15    Str: 26    XL:     11   Next: 58%
Magic:  20/21      EV: 14    Int:  8    God:    Okawaru [*****.]
Gold:   801        SH:  7    Dex: 11    Spells: 23/23 levels left

rFire   . . .      SeeInvis .   a - +3 war axe (freeze)
rCold   . . .      Faith    .   c - +0 buckler
rNeg    . . .      Spirit   .   b - +2 scale mail
rPois   .          Reflect  .   (helmet restricted)
rElec   .          Harm     .   r - +0 cloak
rCorr   .          Rampage  .   (no gloves)
Will    +....                   (no boots)
Stlth   +++.......              D - amulet of regeneration
HPRegen 1.04/turn               l - +6 ring of strength
MPRegen 0.17/turn               H - ring of willpower

@: heroic, hasted, very quick
A: fangs 1, strong nose, distributed training, horns 1, iridescent scales 1,
wild magic 1
a: Renounce Religion, Heroism, Finesse, Duel


You were on level 10 of the Dungeon.
You worshipped Okawaru.
Okawaru was extremely pleased with you.
You visited 2 branches of the dungeon, and saw 11 of its levels.
You also visited: Sewer.

You collected 1763 gold pieces.
You spent 962 gold pieces at shops.

Inventory:

Hand Weapons
 a - a +3 war axe of freezing (weapon)
 d - the +11 hammer "Kafawyc" {freeze, Int+4}
   (You found it on level 2 of the Dungeon)

   It freezes those it strikes, dealing additional cold damage.
   It can also slow down cold-blooded creatures.
   Int:       It affects your intelligence (+4).
 e - the +6 hammer of Havoc {vorpal, rF+ rCorr Stlth-}
   (You found it on level 2 of the Dungeon)

   It inflicts extra damage upon your enemies.
   rF:        It protects you from fire.
   rCorr:     It protects you from acid and corrosion.
   Stlth:     It makes you less stealthy.
 f - a +2 demon blade of electrocution
 v - a +4 dagger of draining
Missiles
 h - 10 poisoned darts (quivered)
 G - a curare-tipped dart
 M - a throwing net
Armour
 b - a +2 scale mail (worn)
 c - a +0 buckler (worn)
 g - a +0 plate armour
 r - a +0 cloak (worn)
 w - the +1 scale mail of Free Expression {-Tele rN++ Str+4}
   (You found it on level 4 of the Dungeon)

   Str:       It affects your strength (+4).
   rN:        It greatly protects you from negative energy.
   -Tele:     It prevents most forms of teleportation.
Jewellery
 j - an amulet of reflection
 l - a +6 ring of strength (left hand)
 B - a ring of poison resistance
 D - an amulet of regeneration (around neck)
 H - a ring of willpower (right hand)
 K - a ring of fire
Wands
 n - a wand of quicksilver (4)
 u - a wand of charming (2)
 J - a wand of iceblast (5)
 L - a wand of flame (8)
Scrolls
 t - 3 scrolls of teleportation
 x - 4 scrolls of magic mapping
 y - 3 scrolls of fog
 z - 3 scrolls of enchant armour
 A - 2 scrolls of amnesia
 E - 2 scrolls of fear
 F - 3 scrolls of identify
Potions
 i - 3 potions of haste
 k - a potion of flight
 m - a potion of cancellation
 p - 4 potions of might
 s - 3 potions of curing
 C - 2 potions of resistance


   Skills:
 + Level 9.4(14.4) Fighting
 + Level 6.6(11.6) Short Blades
 + Level 6.6(11.6) Long Blades
 + Level 8.2(13.2) Axes
 + Level 6.6(11.6) Maces & Flails
 + Level 6.6(11.6) Polearms
 + Level 6.6(11.6) Staves
 + Level 6.6(11.6) Ranged Weapons
 + Level 6.6(11.6) Throwing
 + Level 9.4(14.4) Armour
 + Level 6.6(11.6) Dodging
 + Level 6.6(11.6) Stealth
 + Level 9.4(14.4) Shields
 + Level 6.6(11.6) Unarmed Combat
 + Level 6.6 Spellcasting
 + Level 5.5 Conjurations
 + Level 5.5 Hexes
 + Level 5.5 Summonings
 + Level 5.5 Necromancy
 + Level 5.5 Translocations
 + Level 5.5 Transmutations
 + Level 5.5 Fire Magic
 + Level 5.5 Ice Magic
 + Level 5.5 Air Magic
 + Level 5.5 Earth Magic
 + Level 5.5 Poison Magic
 + Level 7.3 Invocations
 + Level 6.6 Evocations


You had 23 spell levels left.
You didn't know any spells.
Your spell library contained the following spells:

 Spells                   Type           Power      Damage    Failure   Level
 Blink                    Tloc           30%        N/A       12%         2
 Ignite Poison            Fire/Tmut/Pois 15%        N/A       21%         3
 Lesser Beckoning         Tloc           15%        N/A       21%         3
 Mephitic Cloud           Conj/Pois/Air  15%        N/A       21%         3
 Passage of Golubria      Tloc           15%        N/A       52%         4
 Freezing Cloud           Conj/Ice/Air   7%         6-21      86%         5
 Manifold Assault         Tloc           15%        N/A       86%         5
 Yara's Violent Unravell  Hex/Tmut       7%         3d5       86%         5
 Summon Small Mammal      Summ           Unusable   N/A       N/A         1
 Call Canine Familiar     Summ           Unusable   N/A       N/A         3
 Summon Guardian Golem    Hex/Summ       Unusable   N/A       N/A         3
 Tukima's Dance           Hex            Unusable   N/A       N/A         3

Dungeon Overview and Level Annotations

Branches:
Dungeon (10/15)            Temple (1/1) D:4           Sewer (visited)
   Lair: D:8-11         Orc: D:9-12

Altars:
Ashenzari
Dithmenos
Elyvilon
Fedhas
Gozag
Kikubaaqudgha
Makhleb
Nemelex Xobeh
Okawaru
Qazlal
Ru
Trog
Uskayaw
Vehumet
Wu Jian
Xom
Yredelemnul

Shops:
D:1 *   D:3 ?   D:10 =


Innate Abilities, Weirdness & Mutations

You have very sharp teeth.
Your uncanny sense of smell can sniff out nearby items.
Your experience applies equally to all skills.
You have a pair of small horns on your head.
You are partially covered in iridescent scales. (AC +2)
Your spells are a little harder to cast, but a little more powerful.


Message History

You slash the sixfirhy! You freeze the sixfirhy.
The sixfirhy is moderately wounded.
The sixfirhy hits you but does no damage.
The sixfirhy hits you. The sixfirhy shocks you!
* * * LOW HITPOINT WARNING * * *
The sixfirhy hits you but does no damage.
Unknown command.
Aiming: Quicksilver Bolt
Press: ? - help, Shift-Dir - straight line, f - sixfirhy
Aim: a sixfirhy (moderately wounded, 42% to hit)
The bolt of dispelling energy hits the sixfirhy!!
The sixfirhy is severely wounded.
The sixfirhy hits you but does no damage.
The sixfirhy closely misses you.
The sixfirhy hits you but does no damage.
The sixfirhy closely misses you.
Unknown command.
You barely miss the sixfirhy. Your bite misses the sixfirhy.
The sixfirhy is severely wounded.
The sixfirhy hits you.
* * * LOW HITPOINT WARNING * * *
The sixfirhy shocks you!
* * * LOW HITPOINT WARNING * * *
Unknown command.
Unknown command.
You feel yourself speed up.
You miss the sixfirhy. Your headbutt misses the sixfirhy.
The sixfirhy is severely wounded.
You slash the sixfirhy! You freeze the sixfirhy.
Your headbutt misses the sixfirhy.
The sixfirhy is almost dead.
You block the sixfirhy's attack.
You barely miss the sixfirhy. Your headbutt misses the sixfirhy.
The sixfirhy is almost dead.
The sixfirhy hits you but does no damage.
You block the sixfirhy's attack. The sixfirhy misses you.
You closely miss the sixfirhy.
The sixfirhy is almost dead.
The sixfirhy hits you!
You die...

....# #### ....## #..##
#....# ####...
.....####..♣.##
..#.......PP§.####
..###......§§....#
..........§P.###.#
...........### #3#
.........#... #@# .
..........##.# #†# ..
..........##.###(######.#
.....###...#...#.#......#
......##.....#..........##
##......# #.......3.....Y
...###.... #####..........
.#........ #..........O
.###### . .....#.........


You could see a sixfirhy.

Vanquished Creatures
  A two-headed ogre (D:9)
  A sixfirhy (D:10)
  Pikel (D:8)
  A troll (D:7)
  A hornet (D:8)
  Grinder (D:5)
  5 wyverns
  A wraith (D:9)
  22 yaks
  A shadow (D:9)
  2 steam dragons
  Duvessa (D:4)
  An acid dragon (D:9)
  2 water moccasins
  6 orc warriors
  A sky beast (D:7)
  A black bear (D:6)
  An ogre (D:7)
  5 centaurs
  2 bullfrogs
  A kobold brigand (D:7)
  A necrophage (D:6)
  5 scorpions
  Dowan (D:4)
  4 killer bees (D:9)
  2 howler monkeys
  2 jellies
  A lava snake (D:7)
  2 quasits (D:10)
  5 orc priests
  2 hounds (D:5)
  Crazy Yiuf (D:2)
  2 gnoll boudas
  2 iguanas
  Terence (D:2)
  Jessica (D:3)
  Natasha (D:2)
  10 orc wizards
  7 gnolls
  7 adders
  A river rat (D:4)
  3 white imps
  An ufetubus (D:6)
  4 worms
  A dart slug (D:1)
  47 orcs
  4 endoplasms
  3 giant cockroaches (D:3)
  8 goblins
  6 hobgoblins
  2 jackals (D:5)
  8 kobolds
  2 quokkas
  11 ball pythons
  12 bats
  4 frilled lizards
  7 rats
  A toadstool (D:1)
240 creatures vanquished.

Vanquished Creatures (others)
  3 demonic plants (D:10)
  6 toadstools (D:1)
9 creatures vanquished.

Grand Total: 249 creatures vanquished

Notes
Turn   | Place    | Note
-------+----------+-------------------------------------------
     0 | D:1      | Renzlar the Gnoll Fighter began the quest for the Orb.
     0 | D:1      | Reached XP level 1. HP: 23/23 MP: 1/1
   146 | D:1      | Found Syjeoll's General Store.
   222 | D:1      | Reached XP level 2. HP: 29/29 MP: 2/2
   619 | D:1      | Reached XP level 3. HP: 35/35 MP: 3/3
  1141 | D:2      | Reached skill level 1 in Invocations
  1462 | D:2      | Noticed Natasha
  1469 | D:2      | Killed Natasha
  1470 | D:2      | Reached skill level 1 in Short Blades
  1470 | D:2      | Reached skill level 1 in Long Blades
  1470 | D:2      | Reached skill level 1 in Maces & Flails
  1470 | D:2      | Reached skill level 1 in Polearms
  1470 | D:2      | Reached skill level 1 in Staves
  1470 | D:2      | Reached skill level 1 in Ranged Weapons
  1470 | D:2      | Reached skill level 1 in Throwing
  1470 | D:2      | Reached skill level 1 in Dodging
  1470 | D:2      | Reached skill level 1 in Stealth
  1470 | D:2      | Reached skill level 1 in Unarmed Combat
  1470 | D:2      | Reached skill level 1 in Spellcasting
  1470 | D:2      | Reached skill level 1 in Evocations
  1470 | D:2      | Reached XP level 4. HP: 35/41 MP: 5/5
  1574 | D:2      | Reached skill level 1 in Conjurations
  1574 | D:2      | Reached skill level 1 in Hexes
  1574 | D:2      | Reached skill level 1 in Summonings
  1574 | D:2      | Reached skill level 1 in Necromancy
  1574 | D:2      | Reached skill level 1 in Translocations
  1574 | D:2      | Reached skill level 1 in Transmutations
  1574 | D:2      | Reached skill level 1 in Fire Magic
  1574 | D:2      | Reached skill level 1 in Ice Magic
  1574 | D:2      | Reached skill level 1 in Air Magic
  1574 | D:2      | Reached skill level 1 in Earth Magic
  1574 | D:2      | Reached skill level 1 in Poison Magic
  1620 | D:2      | Noticed Terence
  1639 | D:2      | Killed Terence
  1640 | D:2      | Reached XP level 5. HP: 28/47 MP: 5/7
  1772 | D:2      | Found a faded altar of an unknown god.
  1961 | D:2      | Found a runed translucent door.
  1962 | D:2      | Noticed Crazy Yiuf
  1967 | D:2      | Killed Crazy Yiuf
  1971 | D:2      | Identified the +6 hammer of Havoc {vorpal, rF+ rCorr
                  | Stlth-}
  1972 | D:2      | Identified the +11 hammer "Kafawyc" {freeze, Int+4}
  2117 | D:3      | Found Xukhecaj's Magic Scroll Emporium.
  2458 | D:3      | Found a faded altar of an unknown god.
  2463 | D:3      | Found a radiant altar of Vehumet.
  2555 | D:3      | Noticed Jessica
  2557 | D:3      | Killed Jessica
  2697 | D:4      | Found a glowing drain.
  2716 | Sewer    | Entered a sewer
  2720 | Sewer    | Reached XP level 6. HP: 51/53 MP: 8/8
  2745 | Sewer    | Noticed a water moccasin
  2753 | Sewer    | Killed a water moccasin
  2754 | Sewer    | Reached skill level 5 in Axes
  2860 | D:4      | Noticed Duvessa
  2860 | D:4      | Noticed Dowan
  2869 | D:4      | Killed Duvessa
  2870 | D:4      | Reached XP level 7. HP: 49/60 MP: 10/10
  2875 | D:4      | Killed Dowan
  2887 | D:4      | Identified the +1 scale mail of Free Expression {-Tele rN++
                  | Str+4}
  3213 | D:4      | Found a staircase to the Ecumenical Temple.
  3222 | Temple   | Entered the Ecumenical Temple
  3233 | Temple   | Became a worshipper of Warmaster Okawaru
  3509 | D:5      | Entered Level 5 of the Dungeon
  3783 | D:5      | Found an ancient bone altar of Kikubaaqudgha.
  3832 | D:5      | Noticed Grinder
  3836 | D:5      | Paralysed by Grinder for 4 turns
  3865 | D:5      | Killed Grinder
  3866 | D:5      | Reached XP level 8. HP: 54/67 MP: 12/12
  3971 | D:5      | Reached * piety under Okawaru
  4945 | D:6      | Found a basalt altar of Yredelemnul.
  5512 | D:6      | Identified a scroll of acquirement
  5512 | D:6      | Acquired 1034 gold pieces
  5580 | D:3      | Bought a scroll of acquirement for 572 gold pieces
  5581 | D:3      | Acquired a +1 demon blade of electrocution
  5628 | D:1      | Bought an amulet of regeneration for 390 gold pieces
  5899 | D:7      | Reached XP level 9. HP: 57/73 MP: 14/14
  6111 | D:7      | Reached ** piety under Okawaru
  6229 | D:7      | Noticed a troll
  6249 | D:7      | Killed a troll
  6714 | D:7      | Reached skill level 5 in Invocations
  6822 | D:8      | Noticed Pikel
  6828 | D:8      | Noticed a hornet
  6830 | D:8      | Killed Pikel
  6837 | D:8      | Paralysed by a hornet for 3 turns
  6844 | D:8      | Killed a hornet
  6974 | D:8      | Reached skill level 5 in Short Blades
  6974 | D:8      | Reached skill level 5 in Long Blades
  6974 | D:8      | Reached skill level 5 in Maces & Flails
  6974 | D:8      | Reached skill level 5 in Polearms
  6974 | D:8      | Reached skill level 5 in Staves
  6974 | D:8      | Reached skill level 5 in Ranged Weapons
  6974 | D:8      | Reached skill level 5 in Throwing
  6974 | D:8      | Reached skill level 5 in Dodging
  6974 | D:8      | Reached skill level 5 in Stealth
  6974 | D:8      | Reached skill level 5 in Unarmed Combat
  6974 | D:8      | Reached skill level 5 in Spellcasting
  6974 | D:8      | Reached skill level 5 in Evocations
  6974 | D:8      | Reached XP level 10. HP: 76/81 MP: 17/17
  7198 | D:8      | Reached *** piety under Okawaru
  7676 | D:9      | Reached **** piety under Okawaru
  7778 | D:9      | Gained mutation: You have a pair of small horns on your
                  | head. [potion of mutation]
  7778 | D:9      | Gained mutation: Your spells are a little harder to cast,
                  | but a little more powerful. [potion of mutation]
  7778 | D:9      | Gained mutation: You are partially covered in iridescent
                  | scales. (AC +2) [potion of mutation]
  7936 | D:9      | Noticed a two-headed ogre
  7944 | D:9      | Killed a two-headed ogre
  7945 | D:9      | Reached skill level 5 in Conjurations
  7945 | D:9      | Reached skill level 5 in Hexes
  7945 | D:9      | Reached skill level 5 in Summonings
  7945 | D:9      | Reached skill level 5 in Necromancy
  7945 | D:9      | Reached skill level 5 in Translocations
  7945 | D:9      | Reached skill level 5 in Transmutations
  7945 | D:9      | Reached skill level 5 in Fire Magic
  7945 | D:9      | Reached skill level 5 in Ice Magic
  7945 | D:9      | Reached skill level 5 in Air Magic
  7945 | D:9      | Reached skill level 5 in Earth Magic
  7945 | D:9      | Reached skill level 5 in Poison Magic
  7945 | D:9      | Reached XP level 11. HP: 37/89 MP: 18/20
  8021 | D:9      | Found a blossoming altar of Fedhas.
  8221 | D:8      | Reached ***** piety under Okawaru
  8704 | D:10     | Entered Level 10 of the Dungeon
  8903 | D:10     | Found Liudaifytu's Jewellery Boutique.
  8951 | D:10     | Received a gift from Okawaru
  9034 | D:10     | Noticed a sixfirhy
  9075 | D:10     | Noticed a sixfirhy
  9083 | D:10     | Killed a sixfirhy
  9083 | D:10     | Received a gift from Okawaru
  9103 | D:10     | HP: 2/89 [sixfirhy (11)]
  9108 | D:10     | Slain by a sixfirhy

Illustrated notes

Levels and vault maps discovered:
D:1:      nagdon_arrival_zigzag_paths, layout_basic, serial_shops,
          nicolae_shop_hallway_plus, hangedman_abyss_or_decor_lesser_grid,
          nicolae_wormholes
D:2:      minmay_wonky_spiral, layout_rooms, chequers_ecumenical_altar_simple,
          uniq_natasha, uniq_terence, uniq_crazy_yiuf_cottage
D:3:      layout_loops_ring, nicolae_overflow_ecumenical_swirl, serial_shops,
          shop, uniq_jessica
D:4:      dreamdust_elfheim, layout_cave_pools, minmay_temple_entry_slanted,
          portal_sewer_entry_a
D:5:      layout_loops_ring, kennysheep_little_box, lemuel_flame_loot_1,
          uniq_grinder, uniq_duvessa
D:6:      layout_basic, amcnicky_altar_gilded
D:7:      layout_basic, kennysheep_cross_room, hangedman_decor_diamond_cutter,
          nicolae_concentric_dashed_squares_wild
D:8:      layout_basic, uniq_pikel
D:9:      layout_rooms, fedhas_bush_and_centaur_altar, special_room
          [special_room_orc], kennysheep_generic_room_6
D:10:     layout_rooms, serial_demonic, serial_demonic_b, serial_demonic_a,
          serial_demonic_a, serial_demonic_b, serial_shops,
          nicolae_shop_hallway_plus, uniq_maurice, uniq_lodul
Temple:   dpeg_three_leaves_temple

Skill      XL: |  1  2  3  4  5  6  7  8  9 10 11 |
---------------+----------------------------------+-----
Invocations    | 1 2 3 4 5 6 7 |  7.3
Short Blades   | 1 2 3 5 6 |  6.6
Long Blades    | 1 2 3 5 6 |  6.6
Maces & Flails | 1 2 3 5 6 |  6.6
Polearms       | 1 2 3 5 6 |  6.6
Staves         | 1 2 3 5 6 |  6.6
Ranged Weapons | 1 2 3 5 6 |  6.6
Throwing       | 1 2 3 5 6 |  6.6
Dodging        | 1 2 3 5 6 |  6.6
Stealth        | 1 2 3 5 6 |  6.6
Unarmed Combat | 1 2 3 5 6 |  6.6
Spellcasting   | 1 2 3 5 6 |  6.6
Evocations     | 1 2 3 5 6 |  6.6
Conjurations   | 1 2 3 4 5 |  5.5
Hexes          | 1 2 3 4 5 |  5.5
Summonings     | 1 2 3 4 5 |  5.5
Necromancy     | 1 2 3 4 5 |  5.5
Translocations | 1 2 3 4 5 |  5.5
Transmutations | 1 2 3 4 5 |  5.5
Fire Magic     | 1 2 3 4 5 |  5.5
Ice Magic      | 1 2 3 4 5 |  5.5
Air Magic      | 1 2 3 4 5 |  5.5
Earth Magic    | 1 2 3 4 5 |  5.5
Poison Magic   | 1 2 3 4 5 |  5.5
Axes           | 5 6 7 8 |  8.2
Fighting       | 7 8 9 |  9.4
Armour         | 7 8 9 |  9.4
Shields        | 7 8 9 |  9.4

Action                   |  1- 3 |  4- 6 |  7- 9 | 10-12 || total
-------------------------+-------+-------+-------+-------++-------
Melee: War axe           |   100 |    23 |       |   192 ||   315
       Bite              |    11 |     4 |    23 |    37 ||    75
       Mace              |       |    58 |   194 |   128 ||   380
       Headbutt          |       |       |       |    49 ||    49
Throw: Dart              |       |       |       |     3 ||     3
Invok: Heroism           |       |       |     1 |     3 ||     4
Evoke: Wand              |       |       |       |     1 ||     1
  Use: Scroll            |     5 |     2 |    12 |     4 ||    23
       Potion            |       |     1 |     1 |     8 ||    10
Armor: Scale mail        |    25 |    21 |    81 |   114 ||   241
       Plate armour      |    29 |       |       |       ||    29
Dodge: Dodged            |    29 |    17 |    74 |   183 ||   303
Block: Buckler           |    25 |    31 |    69 |    93 ||   218
